 Dungeon Crawl Stone Soup version 0.21.1-1-g345015f (webtiles) character file.

26 doot the Insei (level 3, 0/26 HPs)
             Began as a Merfolk Transmuter on Apr 14, 2018.
             Slain by a kobold
             ... wielding a +0 short sword
              (6 damage)
             ... on level 1 of the Dungeon.
             The game lasted 00:02:18 (1020 turns).

doot the Insei (Merfolk Transmuter)                 Turns: 1020, Time: 00:02:18

Health: 0/26       AC:  2    Str: 10    XL:     3   Next: 8%
Magic:  5/6        EV: 13    Int: 13    God:
Gold:   6          SH:  0    Dex: 14    Spells: 5/6 levels left

rFire    . . .     SeeInvis .   e - -1 club (curse)
rCold    . . .     Gourm    .   (no shield)
rNeg     . . .     Faith    .   b - +0 robe
rPois    .         Spirit   .   (no helmet)
rElec    .         Reflect  .   (no cloak)
rCorr    .         Harm     .   (no gloves)
MR       .....                  (no boots)
Stlth    +.........             (no amulet)
HPRegen  0.08/turn              (no ring)
MPRegen  0.10/turn              (no ring)

@: appendage
A: change form in water, swift swim, stealthy swim, horns 2
a: End Transformation


You were on level 1 of the Dungeon.
You were not hungry.
You had grown temporary horns.
You visited 1 branch of the dungeon, and saw 1 of its levels.

You collected 6 gold pieces.

Inventory:

Hand Weapons
 e - a cursed -1 club (weapon)
 f - a cursed -2 mace
Missiles
 a - 12 arrows
Armour
 b - a +0 robe (worn)
Scrolls
 i - a scroll of teleportation
Potions
 g - a potion of agility
 h - 2 potions of lignification {unknown}
Books
 c - a book of Changes

   Spells                             Type                      Level
   a - Beastly Appendage              Transmutation                1
   b - Sticks to Snakes               Transmutation                2
   c - Spider Form                    Transmutation/Poison         3
   d - Ice Form                       Ice/Transmutation            4
   e - Blade Hands                    Transmutation                5
Comestibles
 d - a ration
 j - 2 chunks of flesh


   Skills:
 + Level 1.1 Fighting
 + Level 0.2 Maces & Flails
 + Level 3.2 Dodging
 + Level 3.6 Unarmed Combat
 + Level 2.4 Spellcasting
 + Level 3.0 Transmutations


You had 5 spell levels left.
You knew the following spells:

 Your Spells              Type           Power        Failure   Level  Hunger
a - Beastly Appendage     Tmut           #.....       7%          1    #......


Dungeon Overview and Level Annotations

Branches:
Dungeon (1/15)

Altars:


Innate Abilities, Weirdness & Mutations

You revert to your normal form in water.
You are very nimble and swift while swimming.
You are very stealthy in the water. (Stealth+)
You have a pair of horns on your head.


Message History

You are too injured to fight recklessly!
You are too injured to fight recklessly!
You see here 2 gold pieces.
Your transformation is almost over.
Some of the chunks of flesh in your inventory have rotted away.
You see here a giant cockroach corpse.
Casting: Beastly Appendage
Confirm with . or Enter, or press ? or * to list all spells.
You extend your transformation's duration.
The kobold hits you with a short sword!
* * * LOW HITPOINT WARNING * * *
Press: ? - help, v - describe, . - travel
Here: a kobold, wielding a short sword The floor.
Unknown command.
Unknown command.
You hit the kobold.
The kobold is moderately wounded.
The kobold hits you with a short sword.
You die...

#...#.......#
###...........## #
#...............###.
#.............#.....
#......#######
#..โ‰ˆ ###.#.....#
#..โ‰ˆ #J###.#.#
##.โ‰ˆ #K# #...####
##.. #@#
##.....####...
##.#####....##...#.
#......###....รท###.
#............######
#..................
#......####........
#......# ###......
#......# #......
##.##### #......


You could see an ooze and a kobold.

Vanquished Creatures
  3 giant cockroaches (D:1)
  A goblin (D:1)
  2 hobgoblins (D:1)
  4 kobolds (D:1)
  4 bats (D:1)
  8 frilled lizards (D:1)
  5 rats (D:1)
27 creatures vanquished.

Notes
Turn   | Place    | Note
-------+----------+-------------------------------------------
     0 | D:1      | doot the Merfolk Transmuter began the quest for the Orb.
     0 | D:1      | Reached XP level 1. HP: 15/15 MP: 3/3
   282 | D:1      | Reached XP level 2. HP: 15/21 MP: 5/5
   956 | D:1      | Reached XP level 3. HP: 16/26 MP: 6/6
  1020 | D:1      | Slain by a kobold

Skill      XL: |  1  2 |
---------------+-------+-----
Transmutations | 3 |  3.0
Dodging        | 3 |  3.2
Fighting       | |  1.1
Maces & Flails | |  0.2
Unarmed Combat | |  3.6
Spellcasting   | |  2.4

Action                   || total
-------------------------++-------
Melee: Club              ||    84
       Unarmed           ||     6
       Headbutt          ||    10
       Punch             ||     1
 Cast: Beastly Appendage ||    12
  Use: Scroll            ||     2
  Eat: Chunk             ||     1
Armor: Robe              ||    21
Dodge: Dodged            ||    89
